 Dungeon Crawl Stone Soup version 0.22.0-27-ga576289 (webtiles) character file.

882 Monsterracer the Chopper (level 8, -2/49 HPs)
             Began as a Gargoyle Abyssal Knight on Aug 21, 2018.
             Was a Priest of Lugonu.
             Slain by Harold
             ... wielding a +6 glaive of flaming
              (17 damage)
             ... on level 7 of the Dungeon.
             The game lasted 00:05:11 (3921 turns).

Monsterracer the Chopper (Gargoyle Abyssal Knight)  Turns: 3921, Time: 00:05:12

Health: -2/49      AC: 15    Str: 18    XL:     8   Next: 5%
Magic:  11/11      EV: 14    Int: 13    God:    Lugonu [***...]
Gold:   231        SH:  0    Dex:  9    Spells: 7/7 levels left

rFire    . . .     SeeInvis .   y - +0 war axe (curse)
rCold    . . .     Gourm    .   (no shield)
rNeg     + . .     Faith    .   i - +0 ring mail
rPois    ∞         Spirit   .   m - +0 helmet
rElec    +         Reflect  .   r - +1 cloak
rCorr    .         Harm     .   B - +0 pair of gloves
MR       .....     Rnd*Tele +   (no boots)
Stlth    ..........             (no amulet)
HPRegen  0.16/turn              f - ring of teleportation (curse)
MPRegen  0.12/turn              v - +4 ring of evasion

@: no status effects
A: negative energy resistance 1, electricity resistance, unbreathing,
petrification resistance, rot immunity, AC +5
a: Depart the Abyss, Bend Space, Banish, Renounce Religion


You were on level 7 of the Dungeon.
You worshipped Lugonu.
Lugonu was most pleased with you.
You were not hungry.

You visited 1 branch of the dungeon, and saw 7 of its levels.
You visited the Abyss 1 time.

You collected 231 gold pieces.

Inventory:

Hand Weapons
 y - a cursed +0 war axe (weapon)
 D - the cursed +3 mace of the Hills {crush, rF+, unknown}
   (You found it on level 6 of the Dungeon)

   It inflicts extra damage upon your enemies.
   It protects you from fire.
   It has a curse placed upon it.
 H - the +8 trident of Laxo {freeze, rElec Dex+3, unknown}
   (You found it on level 6 of the Dungeon)

   It has been specially enchanted to freeze those struck by it, causing extra
   injury to most foes and up to half again as much damage against particularly
   susceptible opponents.
   It can also slow down cold-blooded creatures.
   It affects your dexterity (+3).
   It insulates you from electricity.
Armour
 i - a +0 ring mail (worn)
 m - a +0 helmet (worn)
 r - a +1 cloak (worn)
 B - a +0 pair of gloves (worn)
Jewellery
 f - a cursed ring of teleportation (left hand)
 v - a +4 ring of evasion (right hand)
 z - a +3 ring of dexterity {unknown}
 G - a +4 ring of strength {unknown}
Wands
 s - a wand of clouds (8)
 E - a wand of flame (26)
Scrolls
 b - a scroll of fog {unknown}
 g - a scroll of amnesia {unknown}
 h - a scroll of magic mapping {unknown}
 j - 3 scrolls of teleportation {unknown}
 k - 2 scrolls of random uselessness {unknown}
 l - a scroll of fear {unknown}
 n - 5 scrolls of remove curse {unknown}
 o - a scroll of enchant weapon {unknown}
 q - 2 scrolls of identify {unknown}
 t - a scroll of enchant armour {unknown}
 u - a scroll of noise {unknown}
Potions
 a - 2 potions of heal wounds {unknown}
 d - a potion of degeneration {unknown}
 e - a potion of curing
 p - 3 potions of agility {unknown}
 w - a potion of berserk rage {unknown}
 x - a potion of haste
 A - a potion of ambrosia {unknown}
 C - a potion of lignification {unknown}
 F - a potion of cancellation {unknown}
Comestibles
 c - 14 rations


   Skills:
 + Level 5.1 Fighting
 * Level 6.8 Axes
 - Level 2.1 Armour
 - Level 0.7 Dodging
 * Level 4.3 Invocations


You had 7 spell levels left.
You didn't know any spells.
Your spell library was empty.

Dungeon Overview and Level Annotations

Branches:
Dungeon (7/15)             Temple (0/1) D:5

Altars:
Dithmenos
Hepliaklqana
Nemelex Xobeh
Qazlal
Wu Jian

Shops:
D:6 (

Annotations:
D:7 Harold


Innate Abilities, Weirdness & Mutations

You are resistant to torment.
Your stone body is resilient. (AC +5)
You are immune to poison.
You resist negative energy. (rN+)
You are resistant to electric shocks. (rElec)
You can survive without breathing.
You are immune to petrification.
You are immune to rotting.


Message History

Something hits you but does no damage.
You closely miss something. You hit the bush but do no damage.
Something hits you but does no damage. x2
You hit something. You hit the bush but do no damage.
Something hits you but does no damage.
You miss something. You slash the bush! Something hits you but does no damage.
You miss something. You hit the bush but do no damage.
Something hits you but does no damage.
You barely miss something. You hit the bush.
Something hits you but does no damage.
You barely miss something. You hit the bush.
Something hits you but does no damage. Something barely misses you.
You miss something. You hit the bush but do no damage. Something hits you.
You take 1 damage, and have 28/49 hp.
You miss something. You hit the bush but do no damage.
Something hits you but does no damage.
You barely miss something. You hit the bush but do no damage.
You hear some strange, mumbled words.
A magic dart appears from out of thin air!
The magic dart hits you!
* * * LOW HITPOINT WARNING * * *
You take 5 damage, and have 24/49 hp.
You closely miss something. You hit the bush but do no damage.
Something hits you but does no damage.
You miss something. You hit the bush. Something hits you but does no damage.
Unknown command.
You miss something. You hit the bush but do no damage.
Something hits you but does no damage. x2
You closely miss something. You hit the bush but do no damage.
Something hits you but does no damage.
You hit something. You hit the bush but do no damage.
Something hits you but does no damage.
Unknown command.
You miss something. You hit the bush but do no damage.
Something hits you but does no damage.
Unknown command.
You miss something. You hit the bush but do no damage.
Something barely misses you.
Unknown command.
You barely miss something. You hit the bush but do no damage.
Something hits you but does no damage. Something barely misses you.
You miss something. You hit the bush.
You hear some strange, mumbled words.
A puff of flame appears from out of thin air!
The puff of flame misses you.
Unknown command.
You barely miss something. You hit the bush but do no damage.
Something hits you but does no damage.
Unknown command.
You hit something but do no damage. You hit the bush but do no damage.
Something hits you but does no damage.
You hit something but do no damage. You hit the bush. Something hits you.
* * * LOW HITPOINT WARNING * * *
You take 2 damage, and have 24/49 hp.
You closely miss something. You hit the bush but do no damage.
Something hits you but does no damage.
You barely miss something. You hit the bush but do no damage.
Something hits you but does no damage. Something barely misses you.
Unknown command.
You closely miss something. You hit the bush.
You hear some strange, mumbled words.
A magic dart appears from out of thin air!
The magic dart hits you!
Unknown command.
You miss something. You hit the bush but do no damage.
Something hits you but does no damage.
You hit something. You hit the bush.
You hear some strange, mumbled words.
Something tries to affect you, but you resist.
Unknown command.
You hit something. You hit the bush but do no damage.
Something hits you but does no damage.
You slash something! Lugonu accepts your kill.
Reactivating autopickup.
You feel a bit more experienced.
You hit the bush but do no damage.
Things that are here:
a dagger; a robe; an orc corpse Unknown command.
Unknown command.
Harold the Weathered comes into view.
He is wielding a glaive of flaming.
Harold throws a throwing net.
The throwing net closely misses you.
You see here a chain mail.
Harold throws a throwing net.
The throwing net hits you.
You become entangled in the net!
You see here a throwing net.
You struggle against the net.
Evoke which item? (* to show all) (? for menu, Esc to quit)
Okay, then.
Okay, then.
You struggle against the net.
You tear a large gash into the net.
Harold hits you from afar with a glaive of flaming!
* * * LOW HITPOINT WARNING * * *
Harold burns you.
* * * LOW HITPOINT WARNING * * *
You take 13 damage, and have 15/49 hp.
MASSIVE DAMAGE!!
You rip the net and break free!
Harold hits you from afar with a glaive of flaming!
You die...

#..))♣♣♣P..♣♣♣P.P
#....P.P...P.P...
#.#...........$..
#.#..P%P..P..$..P
#.#..♣♣♣†..♣♣♣.. #....♣
♣P..♣ #....♣♣♣†.P♣♣♣P
#.#...P)P.P..PP.
###.####@#.............
......@[>..(...#.....(..
###.####..#....#########
#.....#.# #.......#
#.....#.# ##.####.# #..
.# .#


You could see Harold.

Vanquished Creatures
  A phantom (D:4)
  A centaur (D:7)
  2 bullfrogs
  A scorpion (D:5)
  A howler monkey (D:7)
  A crimson imp (D:7)
  A bullfrog zombie (D:7)
  A bullfrog skeleton (D:7)
  Crazy Yiuf (D:6)
  3 orc priests
  Jessica (D:2)
  An iguana (D:4)
  An orc wizard (D:7)
  Natasha (D:2)
  A hound skeleton (D:4)
  Robin (D:2)
  8 adders
  3 worms
  3 dart slugs
  A leopard gecko (D:1)
  6 orcs
  A ball python (D:4)
  6 giant cockroaches
  18 goblins
  6 hobgoblins
  A jackal (D:5)
  5 kobolds
  4 bats
  6 frilled lizards (D:2)
  5 rats
92 creatures vanquished.

Notes
Turn   | Place    | Note
-------+----------+-------------------------------------------
     0 | Abyss:1  | Monsterracer the Gargoyle Abyssal Knight began the quest for the Orb.
     0 | Abyss:1  | Reached XP level 1. HP: 14/14 MP: 2/2
     3 | Abyss:1  | Found a corrupted altar of Lugonu.
     7 | D:1      | Escaped the Abyss
    24 | D:1      | Reached skill level 2 in Axes
   192 | D:1      | Reached XP level 2. HP: 18/19 MP: 3/3
   366 | D:1      | Found a sparkling altar of Nemelex Xobeh.
   610 | D:1      | You fall through a shaft!
   706 | D:2      | Noticed Jessica
   711 | D:2      | Reached skill level 3 in Axes
   718 | D:2      | Reached XP level 3. HP: 14/23 MP: 4/4
   724 | D:2      | HP: 10/23 [Jessica/dagger (2)]
   732 | D:2      | HP: 6/23 [giant cockroach (1)]
   737 | D:2      | Reached ** piety under Lugonu
   772 | D:2      | HP: 8/23 [rat (1)]
   817 | D:2      | HP: 9/23 [Jessica/dagger (1)]
   825 | D:2      | Killed Jessica
   825 | D:2      | Reached XP level 4. HP: 9/28 MP: 5/5
   881 | D:2      | HP: 12/28 [worm (2)]
  1044 | D:2      | Reached skill level 4 in Axes
  1112 | D:2      | Noticed Robin
  1149 | D:2      | Killed Robin
  1617 | D:2      | Reached XP level 5. HP: 32/32 MP: 6/6
  1912 | D:2      | Noticed Natasha
  1925 | D:2      | Killed Natasha
  2086 | D:3      | Reached skill level 5 in Axes
  2397 | D:3      | Reached *** piety under Lugonu
  2765 | D:3      | Found a stormy altar of Qazlal.
  2765 | D:3      | Found an ornate altar of the Wu Jian Council.
  2766 | D:3      | Found a hazy altar of Hepliaklqana.
  2901 | D:4      | Reached XP level 6. HP: 37/37 MP: 7/7
  3155 | D:4      | Found a shadowy altar of Dithmenos.
  3155 | D:4      | Noticed a phantom
  3203 | D:4      | Killed a phantom
  3500 | D:5      | Entered Level 5 of the Dungeon
  3500 | D:5      | Found a staircase to the Ecumenical Temple.
  3546 | D:6      | Noticed an orc warrior
  3565 | D:7      | Reached skill level 6 in Axes
  3565 | D:7      | Reached XP level 7. HP: 43/43 MP: 9/9
  3617 | D:6      | Got a fine mace
  3618 | D:6      | Found a runed door.
  3622 | D:6      | Noticed Crazy Yiuf
  3629 | D:6      | Killed Crazy Yiuf
  3729 | D:6      | Found Xots's Weapon Shop.
  3747 | D:6      | Got a brightly glowing trident
  3873 | D:7      | Reached skill level 5 in Fighting
  3875 | D:7      | Reached XP level 8. HP: 28/49 MP: 11/11
  3885 | D:7      | HP: 24/49 [something/magic dart (5)]
  3897 | D:7      | HP: 24/49 [something (2)]
  3915 | D:7      | Noticed Harold
  3920 | D:7      | HP: 19/49 [Harold/glaive of flaming (9)]
  3921 | D:7      | Slain by Harold

Skill      XL: |  1  2  3  4  5  6  7 |
---------------+----------------------+-----
Axes           | 2 3 4 5 6 |  6.8
Invocations    | 3 4 |  4.3
Fighting       | 4 5 |  5.1
Armour         | |  2.1
Dodging        | |  0.7

Action                   |  1- 3 |  4- 6 |  7- 9 || total
-------------------------+-------+-------+-------++-------
Melee: Hand axe          |   100 |   161 |       ||   261
       War axe           |       |    62 |    89 ||   151
  Eat: Chunk             |       |     9 |     1 ||    10
Armor: Leather armour    |    35 |       |       ||    35
       Ring mail         |    37 |    99 |    51 ||   187
Dodge: Dodged            |    78 |   142 |    46 ||   266

Vault maps used:
D:1:      ncdulo_halloftheorcs, nemelex_xobeh_ov_fountains_minmay
D:2:      cheibrodos_old_hovel, first_ration, uniq_natasha, uniq_jessica,
          uniq_robin
D:3:      minitemple
D:4:      grunt_dithmenos_shadows
D:5:      minmay_temple_entry_mist, uniq_ijyb
D:6:      serial_shops, kennysheep_mini, shop, shop, uniq_crazy_yiuf_cottage
D:7:      kennysheep_boxes, uniq_harold
